 Dungeon Crawl Stone Soup version 0.24.0-13-gcf9b319 (webtiles) character file.

Game seed: 597161584073820843, levelgen mode: deterministic

565 Bronimir the Stinger (level 7, 0/56 HPs)
             Began as a Naga Venom Mage on Apr 1, 2020.
             Was an Initiate of Sif Muna.
             Slain by an ice beast (3 damage)
             ... on level 5 of the Dungeon.
             The game lasted 00:11:23 (4679 turns).

Bronimir the Stinger (Naga Venom Mage)              Turns: 4679, Time: 00:11:23

Health: 0/56       AC:  6    Str: 12    XL:     7   Next: 32%
Magic:  6/12       EV:  8    Int: 15    God:    Sif Muna [......]
Gold:   131        SH:  0    Dex: 12    Spells: 3/13 levels left

rFire    . . .     SeeInvis +   a - +0 scythe
rCold    . . .     Gourm    .   (shield currently unavailable)
rNeg     . . .     Faith    .   b - +0 ring mail {MR+}
rPois    +         Spirit   .   r - +0 helmet
rElec    .         Reflect  .   (no cloak)
rCorr    .         Harm     .   (no gloves)
MR       +....                  (no barding)
Stlth    +.........             (no amulet)
HPRegen  0.18/turn              w - ring of wizardry
MPRegen  0.13/turn              (no ring)

@: lethally poisoned (0 -> -2), flying, very slow
A: large, see invisible, deformed body, poison resistance, slowness 2, slow
metabolism 1, spit poison 1, AC +2
a: Spit Poison, Renounce Religion


You were on level 5 of the Dungeon.
You worshipped Sif Muna.
Sif Muna was noncommittal.
You were not hungry.

You visited 2 branches of the dungeon, and saw 6 of its levels.

You collected 131 gold pieces.

Inventory:

Hand Weapons
 a - a +0 scythe (weapon)
 e - a +0 short sword
Missiles
 d - 159 stones
 f - 47 poisoned darts (quivered)
 i - 9 arrows
Armour
 b - a +0 ring mail of magic resistance (worn)
 l - a +0 robe
 p - a +0 buckler
 r - a +0 helmet (worn)
Magical Staves
 D - an uncursed staff of cold
Jewellery
 w - a ring of wizardry (left hand)
 y - an uncursed ring of fire
Wands
 v - a wand of flame (16)
Scrolls
 j - a scroll of remove curse {unknown}
 k - 2 scrolls of immolation {unknown}
 m - a scroll of teleportation {unknown}
 n - a scroll of enchant armour {unknown}
 o - 4 scrolls of identify {unknown}
 z - a scroll of amnesia {unknown}
 A - a scroll of enchant weapon {unknown}
 B - a scroll of fear {unknown}
Potions
 g - a potion of heal wounds {unknown}
 h - a potion of ambrosia {unknown}
 q - a potion of brilliance {unknown}
 s - 2 potions of haste {unknown}
 t - 2 potions of flight
 u - a potion of lignification {unknown}
 x - a potion of curing {unknown}
Comestibles
 c - 9 rations
 C - 3 chunks of flesh


   Skills:
 + Level 0.7 Fighting
 + Level 0.9 Short Blades
 + Level 0.5 Polearms
 + Level 0.4 Throwing
 * Level 2.5 Armour
 + Level 1.9 Dodging
 - Level 3.0 Stealth
 * Level 1.1 Shields
 + Level 3.6 Spellcasting
 * Level 2.8 Conjurations
 * Level 6.3 Poison Magic
 * Level 0.9 Invocations


You had 3 spell levels left.
You knew the following spells:

 Your Spells              Type           Power        Failure   Level  Hunger
a - Sting                 Conj/Pois      ###.         2%          1    None
b - Poisonous Vapours     Pois/Air       ##....       7%          2    ##.....
c - Olgreb's Toxic Radia  Pois           ###.....     12%         4    ####...
d - Mephitic Cloud        Conj/Pois/Air  ##......     14%         3    ###....

Your spell library contained the following spells:

 Spells                   Type           Power        Failure   Level  Hunger
 Venom Bolt               Conj/Pois      ###.......   52%         5    ######.


Dungeon Overview and Level Annotations

Branches:
Dungeon (5/15)             Temple (1/1) D:4

Altars:
Cheibriados
Dithmenos
Fedhas
Gozag
Hepliaklqana
Makhleb
Okawaru
Qazlal
Ru
Sif Muna
Trog
Uskayaw
Wu Jian
Xom
Zin

Shops:
D:4 :

Annotations:
D:3 3 runed translucent doors, BigBluFrog's ghost, weakling OpVM


Innate Abilities, Weirdness & Mutations

You cannot wear boots.
Your serpentine skin is tough. (AC +2)
You have supernaturally acute eyesight. (SInv)
Armour fits poorly on your strangely shaped body.
Your system is resistant to poisons. (rPois)
You cover ground very slowly.
You have a slow metabolism.
You can spit poison.


Message History

The ice beast is moderately wounded.
You feel sick.
The ice beast hits you but does no damage.
Evoke which item? (* to show all) (? for menu, Esc to quit)
Aiming: Throw Flame
Press: ? - help, Shift-Dir - straight line, f/p - ice beast
Aim: an ice beast (moderately wounded)
The puff of flame misses the ice beast.
The puff of flame hits the orc!
You kill the orc!
Sif Muna accepts your kill. The ice beast hits you.
* * * LOW HITPOINT WARNING * * *
The ice beast freezes you!
* * * LOW HITPOINT WARNING * * *
Okay, then.
It was a potion of flight.
You feel very buoyant.
You fly up into the air.
The orc wizard looks more healthy.
The ice beast hits you.
You die...

#.#.### #####.....#
..(....#.#.#
...../.#.#.##
............###.#..#
########.)#........###
##o#.###.#.... #Y#.#
....# #@#.####...# ###
#.#....#.#.# ....
#.####...#.###....
#####...............#
#......#####.#.>....##
...###.######.##.......
#............รท.##
#..####.##...##.# ##
#..#.### .#


You could see an ice beast and an orc wizard (invisible).

Vanquished Creatures
  Sigmund (D:2)
  Menkaure (D:4)
  2 scorpions
  A worker ant (D:5)
  A worker ant zombie (D:5)
  7 adders
  An adder skeleton (D:4)
  4 worms
  A dart slug (D:1)
  A leopard gecko (D:4)
  8 orcs
  A ball python (D:1)
  4 giant cockroaches
  7 goblins
  2 hobgoblins (D:1)
  3 jackals (D:5)
  10 kobolds
  2 quokkas
  7 bats
  5 frilled lizards
  A jackal skeleton (D:4)
  9 rats
79 creatures vanquished.

Notes
Turn   | Place    | Note
-------+----------+-------------------------------------------
     0 | D:1      | Bronimir the Naga Venom Mage began the quest for the Orb.
     0 | D:1      | Reached XP level 1. HP: 15/15 MP: 3/3
   286 | D:1      | Reached XP level 2. HP: 16/22 MP: 5/5
   425 | D:1      | Learned a level 2 spell: Poisonous Vapours
   676 | D:1      | Reached XP level 3. HP: 27/28 MP: 6/6
  1408 | D:2      | Found a hazy altar of Hepliaklqana.
  1420 | D:2      | Reached XP level 4. HP: 32/36 MP: 4/8
  1463 | D:2      | Reached skill level 1 in Armour
  1710 | D:2      | Found an iron altar of Okawaru.
  1716 | D:2      | Found a bloodstained altar of Trog.
  1824 | D:2      | Noticed Sigmund
  1840 | D:2      | Killed Sigmund
  1840 | D:2      | Reached skill level 5 in Poison Magic
  1840 | D:2      | Reached XP level 5. HP: 11/43 MP: 0/9
  1840 | D:2      | Reached XP level 6. HP: 13/50 MP: 0/10
  2327 | D:3      | HP: 2/50 [poisoned by an adder]
  2335 | D:3      | HP: 2/50 [poisoned by an adder]
  2914 | D:3      | Found a runed translucent gate.
  2914 | D:3      | Found a runed translucent gate.
  2914 | D:3      | Found a runed translucent gate.
  2915 | D:3      | Noticed BigBluFrog's ghost (weakling OpVM)
  2973 | D:3      | Learned a level 4 spell: Olgreb's Toxic Radiance
  2977 | D:3      | Learned a level 3 spell: Mephitic Cloud
  3790 | D:4      | Found Ynomen's Book Boutique.
  3796 | D:4      | Reached skill level 6 in Poison Magic
  3888 | D:4      | Found a staircase to the Ecumenical Temple.
  3921 | Temple   | Entered the Ecumenical Temple
  4140 | Temple   | Became a worshipper of Sif Muna the Loreminder
  4183 | D:4      | Noticed Menkaure
  4186 | D:4      | Killed Menkaure
  4186 | D:4      | Reached skill level 1 in Shields
  4186 | D:4      | Reached XP level 7. HP: 29/56 MP: 12/12
  4369 | D:4      | Found a blossoming altar of Fedhas.
  4563 | D:5      | Entered Level 5 of the Dungeon
  4679 | D:5      | Slain by an ice beast

Levels and vault maps discovered:
D:1:      dpeg_arrival_prison, layout_rooms, minmay_vboxes
D:2:      layout_rooms, amethyst_overflow_temple_binary,
          overflow_temple_1_default, uniq_sigmund
D:3:      layout_loops_corners, ebering_ghost_rock_garden, first_ration,
          minmay_misc_feat_rugged
D:4:      layout_rooms, kennysheep_little_box, minmay_temple_entry_wispy,
          serial_shops, shop, uniq_menkaure
D:5:      layout_rooms, old_standard_altar, gammafunk_temple_overflow_statue,
          kennysheep_generic_room_12
Temple:   minmay_temple_curvy_loop

Skill      XL: |  1  2  3  4  5  6 |
---------------+-------------------+-----
Armour         | 2 |  2.5
Spellcasting   | 3 |  3.6
Poison Magic   | 5 6 |  6.3
Conjurations   | 2 |  2.8
Shields        | 1 |  1.1
Fighting       | |  0.7
Short Blades   | |  0.9
Polearms       | |  0.5
Throwing       | |  0.4
Dodging        | |  1.9
Stealth        | |  3.0
Invocations    | |  0.9

Action                   |  1- 3 |  4- 6 |  7- 9 || total
-------------------------+-------+-------+-------++-------
Melee: Short sword       |    67 |     5 |       ||    72
       Scythe            |       |    26 |    26 ||    52
Throw: Dart              |     4 |    10 |       ||    14
 Cast: Sting             |    21 |    28 |     1 ||    50
       Poisonous Vapours |     4 |    19 |     4 ||    27
       Mephitic Cloud    |       |     1 |     1 ||     2
       Olgreb's Toxic Ra |       |       |     1 ||     1
 Abil: Spit Poison       |    12 |    11 |     1 ||    24
Evoke: Wand              |       |     2 |     4 ||     6
  Use: Scroll            |       |     2 |       ||     2
       Potion            |       |     1 |     1 ||     2
 Stab: Sleeping          |     1 |     1 |       ||     2
  Eat: Chunk             |     2 |     8 |     3 ||    13
Armor: Ring mail         |    40 |    24 |    22 ||    86
Dodge: Dodged            |    53 |    19 |    23 ||    95
